 Dungeon Crawl Stone Soup version 0.21-a0-444-g29a2fec (webtiles) character file.

66 torrenera the Firebug (level 3, 0/26 HPs)
             Began as a Demigod Fire Elementalist on Nov 17, 2017.
             Slain by Grinder (5 damage)
             ... on level 3 of the Dungeon.
             The game lasted 00:04:48 (2513 turns).

torrenera the Firebug (Demigod Fire Elementalist)   Turns: 2513, Time: 00:04:49

Health: 0/26       AC:  2    Str: 11    XL:     3   Next: 69%
Magic:  5/9        EV: 12    Int: 24    God:
Gold:   84         SH:  0    Dex: 20    Spells: 3/6 levels left

rFire    . . .     SeeInvis .   t - +0 dagger (elec)
rCold    . . .     Gourm    .   (no shield)
rNeg     . . .     Faith    .   a - +0 robe
rPois    .         Spirit   .   (no helmet)
rElec    .         Reflect  .   (no cloak)
rCorr    .         Harm     .   (no gloves)
MR       .....                  (no boots)
Stlth    ++........             (no amulet)
HPRegen  0.08/turn              h - +4 ring of dexterity
MPRegen  0.11/turn              n - +3 ring of intelligence

@: flying
A: high mp 1
a: no special abilities


You were on level 3 of the Dungeon.
You were not hungry.

You visited 1 branch of the dungeon, and saw 3 of its levels.

You collected 84 gold pieces.

Inventory:

Hand Weapons
 t - a +0 dagger of electrocution (weapon)
Missiles
 l - 99 stones (quivered)
Armour
 a - a +0 robe (worn)
Jewellery
 h - a +4 ring of dexterity (left hand)
 n - a +3 ring of intelligence (right hand)
 v - an uncursed ring of stealth {unknown}
Scrolls
 f - 2 scrolls of remove curse
 i - a scroll of enchant armour {unknown}
 p - a scroll of fog {unknown}
 r - a scroll of recharging {unknown}
Potions
 g - 2 potions of curing
 j - a potion of heal wounds {unknown}
 k - a potion of degeneration {unknown}
 m - a potion of brilliance {unknown}
 q - 2 potions of cancellation
 s - a potion of might {unknown}
 w - a potion of mutation {unknown}
Books
 b - a book of Flames

   Spells                             Type                      Level
   a - Flame Tongue                   Conjuration/Fire             1
   b - Throw Flame                    Conjuration/Fire             2
   c - Conjure Flame                  Conjuration/Fire             3
   d - Inner Flame                    Hexes/Fire                   3
   e - Sticky Flame                   Conjuration/Fire             4
   f - Fireball                       Conjuration/Fire             5
Comestibles
 c - 4 bread rations
 o - 5 fruits


   Skills:
 - Level 1.7 Dodging
 - Level 1.7 Stealth
 + Level 2.3 Spellcasting
 * Level 1.8 Conjurations
 + Level 3.7 Fire Magic


You had 3 spell levels left.
You knew the following spells:

 Your Spells              Type           Power        Failure   Level  Hunger
a - Flame Tongue          Conj/Fire      ###..        3%          1    None
b - Throw Flame           Conj/Fire      ###...       5%          2    ##.....


Dungeon Overview and Level Annotations

Branches:
Dungeon (3/15)

Annotations:
D:3 Grinder


Innate Abilities, Weirdness & Mutations

You have an increased reservoir of magic. (+10% MP)


Message History

Grinder gestures at you. Pain shoots through your body!
Casting: Throw Flame
Confirm with . or Enter, or press ? or * to list all spells.
Aiming: Flame Tongue
Press: ? - help, Shift-Dir - straight line, f/p - Grinder
Aim: Grinder (heavily wounded, unusually agile)
The flame tongue hits Grinder.
Grinder is heavily wounded.
Grinder hits you.
You writhe in agony.
* * * LOW HITPOINT WARNING * * *
Casting: Flame Tongue
Confirm with . or Enter, or press ? or * to list all spells.
Aiming: Flame Tongue
Press: ? - help, Shift-Dir - straight line, f/p - Grinder
Aim: Grinder (heavily wounded, unusually agile)
The flame tongue hits Grinder.
Grinder is heavily wounded.
Grinder hits you.
You die...

#.# #.# #.# #.# #.#
.#######.#######
..............5.
.......#5#################
.......<@..........)...).
###.#.#.#################
#...........$..
#.#............
####.........
#..<........#
#.#.#.....###.#
#...'.....# # ###.#.....#


You could see Grinder.

Vanquished Creatures
  An adder (D:2)
  3 oozes
  A leopard gecko (D:1)
  4 orcs (D:3)
  A bat (D:1)
  2 giant cockroaches (D:1)
  A goblin (D:2)
  9 hobgoblins
  4 jackals (D:2)
  3 frilled lizards (D:2)
  5 kobolds
  3 rats
37 creatures vanquished.

Notes
Turn   | Place    | Note
-------+----------+-------------------------------------------
     0 | D:1      | torrenera the Demigod Fire Elementalist began the quest for the Orb.
     0 | D:1      | Reached XP level 1. HP: 14/14 MP: 5/5
   202 | D:1      | Reached skill level 1 in Conjurations
   291 | D:1      | Reached skill level 3 in Fire Magic
   411 | D:1      | Reached XP level 2. HP: 17/20 MP: 4/7
  1499 | D:2      | Learned a level 2 spell: Throw Flame
  1618 | D:2      | Reached XP level 3. HP: 26/26 MP: 2/8
  1792 | D:2      | Found a deep blue altar of Sif Muna.
  2417 | D:3      | Noticed Grinder
  2513 | D:3      | Slain by Grinder

Vault maps used:
D:1:      tarquinn_simple_flora_water_c
D:2:      lemuel_blue_sif_altar
D:3:      first_bread, uniq_grinder

Skill      XL: |  1  2 |
---------------+-------+-----
Conjurations   | 1 |  1.8
Fire Magic     | 3 |  3.7
Spellcasting   | 2 |  2.3
Dodging        | |  1.7
Stealth        | |  1.7

Action                   || total
-------------------------++-------
Melee: Short sword       ||    35
       Dagger            ||    26
       Rapier            ||     3
Throw: Stone             ||     1
 Cast: Flame Tongue      ||    31
       Throw Flame       ||    18
  Use: Scroll            ||     3
       Potion            ||     1
 Stab: Sleeping          ||     3
  Eat: Chunk             ||     6
Armor: Robe              ||    12
Dodge: Dodged            ||    55

Table legend:
 A = Spawn XP
 B = Non-spawn XP
 C = Spawn XP percentage of total XP
 D = Spawn monster count
 E = Non-spawn monster count
 F = Spawn count percentage of total count
 G = Total turns spent on level
                    A         B        C        D         E        F      G
               +---------+---------+-------+---------+---------+-------+---------
         Total |       0 |      95 |   0.0 |       0 |      37 |   0.0 |  2513
               +---------+---------+-------+---------+---------+-------+---------
           D:1 |       0 |      24 |   0.0 |       0 |      14 |   0.0 |   959
           D:2 |       0 |      38 |   0.0 |       0 |      13 |   0.0 |  1108
           D:3 |       0 |      33 |   0.0 |       0 |      10 |   0.0 |   446
               +---------+---------+-------+---------+---------+-------+---------
